 Dungeon Crawl Stone Soup version 0.27-a0-819-g058290f16d (webtiles) character file.

Game seed: 8102849495367874783

36 polve the Skirmisher (level 3, -2/29 HPs)
             Began as a Demonspawn Abyssal Knight on Mar 29, 2021.
             Was a Follower of Lugonu.
             Succumbed to a kobold brigand's poison
             ... on level 2 of the Dungeon.
             The game lasted 00:00:56 (1653 turns).

polve the Skirmisher (Demonspawn Abyssal Knight)    Turns: 1653, Time: 00:00:57

Health: -2/29      AC:  3    Str: 13    XL:     3   Next: 19%
Magic:  4/4        EV: 11    Int: 13    God:    Lugonu [*.....]
Gold:   7          SH:  0    Dex: 12    Spells: 2/2 levels left

rFire    . . .     SeeInvis .   a - +1 falchion
rCold    . . .     Faith    +   (no shield)
rNeg     . . .     Spirit   .   b - +0 leather armour
rPois    .         Reflect  .   (no helmet)
rElec    .         Harm     .   c - scarf {shadows}
rCorr    .         Rampage  .   (no gloves)
Will     .....                  (no boots)
Stlth    +.........             i - amulet of faith
HPRegen  0.09/turn              (no ring)
MPRegen  0.09/turn              (no ring)

@: lethally poisoned (-2 -> -24)
A: claws 1, powered by death 1
a: Renounce Religion, Depart the Abyss


You were on level 2 of the Dungeon.
You worshipped Lugonu.
Lugonu was aware of your devotion.
You visited 1 branch of the dungeon, and saw 2 of its levels.
You visited the Abyss 1 time.

You collected 7 gold pieces.

Inventory:

Hand Weapons
 a - a +1 falchion (weapon)
Armour
 b - a +0 leather armour (worn)
 c - a scarf of shadows (worn)
Jewellery
 i - an amulet of faith (around neck)
Scrolls
 d - a scroll of enchant weapon {unknown}
 f - a scroll of blinking {unknown}
 g - a scroll of teleportation {unknown}
 j - a scroll of identify {unknown}
Potions
 e - 2 potions of brilliance {unknown}
 h - a potion of might {unknown}


   Skills:
 - Level 3.0 Fighting
 - Level 2.5 Long Blades
 - Level 1.7 Armour
 - Level 0.8 Dodging
 + Level 1.8 Unarmed Combat
 - Level 2.4 Invocations


You had 2 spell levels left.
You didn't know any spells.
Your spell library was empty.

Dungeon Overview and Level Annotations

Branches:
Dungeon (2/15)

Altars:
Uskayaw


Innate Abilities, Weirdness & Mutations

You have sharp fingernails.
You regenerate a little health from kills.


Message History

The goblin hits you with a +0 club.
You hit the goblin.
You kill the goblin!
Lugonu accepts your kill.
The kobold brigand throws a poisoned dart.
The poisoned dart hits you!
You are poisoned.
You hit the kobold.
The kobold is severely wounded.
You feel very sick.
Your leather armour prevents you from hitting the kobold brigand.
You feel sick.
The kobold brigand hits you with a +0 short sword.
You are too injured to fight recklessly!
You are too injured to fight recklessly!
You are too injured to fight recklessly!
You are too injured to fight recklessly!
You are too injured to fight recklessly!
You are too injured to fight recklessly!
You are too injured to fight recklessly!
You are too injured to fight recklessly!
You are too injured to fight recklessly!
You closely miss the kobold brigand.
You feel sick.
The kobold brigand hits you with a +0 short sword.
You hit the kobold brigand.
The kobold brigand is lightly wounded.
You feel sick.
The kobold brigand hits you with a +0 short sword!
* * * LOW HITPOINT WARNING * * *
You feel sick.
You feel sick.
The kobold brigand throws a poisoned dart.
The poisoned dart hits you!
You are lethally poisoned!
* * * LOW HITPOINT WARNING * * *
You feel very sick.
The kobold brigand throws a poisoned dart.
The poisoned dart hits you!
You are more poisoned.
You die...

.# #.##.###########.#
.# #.##.............#
.# #.################
.# #.........# .#
#########.# .# #.#
.###### #.# ......#
#.#
#####.##########@####
#................##
#..#############..#
#..# ##K# #..#
####K#### #..#
##.gK..## #..#
##.....## #..#######
####.._..##
#........###.##.....##


You could see a kobold brigand.

Vanquished Creatures
  A dart slug (D:1)
  2 endoplasms (D:1)
  2 giant cockroaches (D:1)
  3 goblins
  2 hobgoblins (D:1)
  10 jackals (D:1)
  A quokka (D:1)
  4 frilled lizards (D:1)
  3 kobolds
  A rat (D:1)
29 creatures vanquished.

Vanquished Creatures (others)
  2 starspawn tentacles (Abyss:1)
2 creatures vanquished.

Grand Total: 31 creatures vanquished

Notes
Turn   | Place    | Note
-------+----------+-------------------------------------------
     0 | Abyss:1  | polve the Demonspawn Abyssal Knight began the quest for the
                  | Orb.
     0 | Abyss:1  | Reached XP level 1. HP: 18/18 MP: 2/2
    50 | Abyss:1  | Found an iron altar of Okawaru.
    50 | Abyss:1  | Noticed a tentacled starspawn
    62 | D:1      | Escaped the Abyss
   400 | D:1      | Gained mutation: You have sharp fingernails. [demonic
                  | ancestry]
   400 | D:1      | Reached XP level 2. HP: 20/24 MP: 3/3
   470 | D:1      | Reached * piety under Lugonu
   541 | D:1      | Reached skill level 1 in Unarmed Combat
   899 | D:1      | Gained mutation: You regenerate a little health from kills.
                  | [demonic ancestry]
   899 | D:1      | Reached XP level 3. HP: 22/29 MP: 4/4
  1642 | D:2      | Found a hide-covered altar of Uskayaw.
  1642 | D:2      | Noticed a kobold brigand
  1653 | D:2      | Succumbed to a kobold brigand's poison

Illustrated notes

Levels and vault maps discovered:
D:1:      lemuel_arrival_behind_the_door_small, layout_basic,
          chequers_decorated_corner, minmay_door_square
D:2:      layout_loops_ring, nicolae_uskayaw_dance_studio, tgw_kikubaaqudgha

Skill      XL: |  1  2 |
---------------+-------+-----
Long Blades    | 2 |  2.5
Unarmed Combat | 1 |  1.8
Fighting       | |  3.0
Armour         | |  1.7
Dodging        | |  0.8
Invocations    | |  2.4

Action                   || total
-------------------------++-------
Melee: Falchion          ||    86
       Punch             ||     1
Invok: Depart the Abyss  ||     1
Armor: Leather armour    ||    32
Dodge: Dodged            ||    50
       Rpst.: Falchion   ||    15

Table legend: (Time is in decaauts)
 A = Elapsed time spent in this place.
 B = Non-inter-level travel time spent in this place.
 C = Inter-level travel time spent in this place.
 D = Time resting spent in this place.
 E = Time spent auto-exploring this place.
 F = Levels seen in this place.
 G = Mean time per level.
                   A        B        C        D        E       F      G
               +--------+--------+--------+--------+--------+-----+--------+
         Total |   1668 |   1646 |     22 |      0 |   1443 |   3 |  556.0 |
       Dungeon |   1606 |   1584 |     22 |      0 |   1387 |   2 |  803.0 |
         Abyss |     62 |     62 |      0 |      0 |     56 |   1 |   62.0 |
               +--------+--------+--------+--------+--------+-----+--------+

Top non-repeatable levels by time:
     D:1: 1328 daAuts
     D:2: 278 daAuts
 Abyss:1: 62 daAuts
